 Dungeon Sprint DCSS version 0.19.1 (webtiles) character file.

34930 kraedy the Severer (level 13, -14/95 HPs)
             Began as a Gargoyle Fighter on Dec 20, 2016.
             Was the Champion of the Shining One.
             Killed from afar by an ice dragon (28 damage)
             ... with a blast of cold
             ... in the Dungeon (Sprint V: "Ziggurat Sprint").
             The game lasted 00:19:45 (1656 turns).

kraedy the Severer (Gargoyle Fighter)               Turns: 1656, Time: 00:19:46

Health: -14/95     AC: 41    Str: 30    XL:     13   Next: 80%
Magic:  20/25      EV:  7    Int: 13    God:    the Shining One [******]
Gold:   0          SH: 32    Dex:  9    Spells: 0 memorised, 12 levels left

rFire  + . .     SeeInvis +     D - +5 broad axe (chop)
rCold  x . .     Gourm    .     A - +15 Maxwell's patent armour {-Cast -Tele rElec MR+ rCorr}
rNeg   + + +     Faith    .     B - +18 shield of the Gong {rElec rN+ MR+ EV-5}
rPois  ∞         Spirit   .     K - -2 hat of the Alchemist {rElec rPois rF+ rC+ rN+ MR+ rMut rCorr}
rElec  +         Reflect  .     J - +2 cloak "Qitho" {rC- Int+2 Slay+3}
rCorr  +         Harm     .     (no gloves)
rMut   +         NoTele   +     (no boots)
MR     +++..     NoCast   +     C - amulet of magic regeneration
Stlth  ..........               F - ring of Balance {-Tele Str+3 SInv Stlth+}
                                c - ring "Yzxic" {Wiz rC- Str+4 Slay+5}

@: very slightly contaminated, hasted, glowing, studying Bows, very quick
A: negative energy resistance 1, electricity resistance, unbreathing,
petrification resistance, rot immunity, AC +9
a: Divine Shield, Cleansing Flame, Summon Divine Warrior, Brand Weapon With Holy
Wrath, Renounce Religion


You were in the Dungeon.
You worshipped the Shining One.
The Shining One was exalted by your worship.
You were hungry.

You visited 1 branch

Inventory:

Hand Weapons
 m - the +8 frozen axe "Frostbite" {freezing cloud, *Noise +Fly rC+}
   (You took it off a mottled draconian in the Dungeon)

   It has been specially enchanted to freeze those struck by it, causing extra
   injury to most foes and up to half again as much damage against particularly
   susceptible opponents.
   It can also slow down cold-blooded creatures.
   It protects you from cold.
   It lets you fly.
   It may make noises in combat.
 D - a +5 broad axe of chopping (weapon)
 H - the +9 whip of Weafeping {speed, *Drain rC- rN++ Str+9}
   (You found it in the Dungeon)

   Attacks with this weapon are significantly faster.
   It affects your strength (+9).
   It makes you vulnerable to cold.
   It greatly protects you from negative energy.
   It causes draining when unequipped.
Armour
 b - the +7 ring mail of Estoga {+Fly rF+ rN+ Int+3}
   (You found it in the Dungeon)

   It affects your intelligence (+3).
   It protects you from fire.
   It protects you from negative energy.
   It lets you fly.
 A - the +15 Maxwell's patent armour (worn) {-Cast -Tele rElec MR+ rCorr}
   (You found it in the Dungeon)

   It insulates you from electricity.
   It affects your resistance to hostile enchantments.
   It prevents spellcasting.
   It prevents most forms of teleportation.
   It protects you from acid and corrosion.
 B - the +18 shield of the Gong (worn) {rElec rN+ MR+ EV-5}
   (You found it in the Dungeon)

   It affects your evasion (-5).
   It insulates you from electricity.
   It protects you from negative energy.
   It affects your resistance to hostile enchantments.
 J - the +2 cloak "Qitho" (worn) {rC- Int+2 Slay+3}
   (You found it in the Dungeon)

   It affects your intelligence (+2).
   It affects your accuracy and damage with ranged weapons and melee attacks
   (+3).
   It makes you vulnerable to cold.
 K - the -2 hat of the Alchemist (worn) {rElec rPois rF+ rC+ rN+ MR+ rMut rCorr}
   (You found it in the Dungeon)

   It protects you from fire.
   It protects you from cold.
   It insulates you from electricity.
   It protects you from poison.
   It protects you from negative energy.
   It affects your resistance to hostile enchantments.
   It protects you from acid and corrosion.
   It protects you from mutation.
Jewellery
 c - the ring "Yzxic" (left hand) {Wiz rC- Str+4 Slay+5}
   (You found it in the Dungeon)

   [ring of wizardry]

   It improves your spell success rate.
   It affects your strength (+4).
   It affects your accuracy and damage with ranged weapons and melee attacks
   (+5).
   It makes you vulnerable to cold.
 y - an uncursed ring of protection from cold
 C - an amulet of magic regeneration (around neck)
 F - the ring of Balance (right hand) {-Tele Str+3 SInv Stlth+}
   (You found it in the Dungeon)

   [ring of stealth]

   It affects your strength (+3).
   It lets you see invisible.
   It prevents most forms of teleportation.
   It makes you more stealthy.
 I - an uncursed ring of protection from magic
 M - a +4 ring of slaying
Wands
 E - a wand of heal wounds (4/9)
Scrolls
 k - 4 scrolls of blinking
 o - 3 scrolls of brand weapon
 q - 4 scrolls of amnesia
 r - 3 scrolls of recharging
 s - 7 scrolls of fog
 t - a scroll of holy word
 u - 5 scrolls of identify
 v - 5 scrolls of remove curse
 w - 2 scrolls of fear
Potions
 d - 5 potions of might
 e - 10 potions of curing
 g - 2 potions of heal wounds
 h - 2 potions of haste
 i - 4 potions of magic
 j - 3 potions of berserk rage
 l - 2 potions of brilliance
 n - 4 potions of resistance
 p - 6 potions of agility
Books
 a - a manual of Bows
Miscellaneous
 G - 2 phantom mirrors
Comestibles
 f - 5 bread rations
 x - 40 fruits
 z - 4 meat rations
 L - 3 royal jellies


   Skills:
 + Level 16.8 Fighting
 * Level 18.2 Axes
 + Level 13.1 Armour
 + Level 10.2 Dodging
 + Level 13.1 Shields
 * Level 17.2 Invocations


You had 12 spell levels left.
You didn't know any spells.

Dungeon Overview and Level Annotations

Branches:
Dungeon (1/1)

Altars:
Ashenzari
Cheibriados
Dithmenos
Elyvilon
Fedhas
Gozag
Hepliaklqana
Kikubaaqudgha
Makhleb
Nemelex Xobeh
Okawaru
Qazlal
Ru
Sif Muna
Trog
Uskayaw
Vehumet
Xom
Yredelemnul
Zin
The Shining One
Beogh
Jiyva
Lugonu


Innate Abilities, Weirdness & Mutations

You are resistant to torment.
Your stone body is resilient. (AC +9)
You are immune to poison.
You resist negative energy. (rN+)
You are resistant to electric shocks. (rElec)
You can survive without breathing.
You are immune to petrification.
You are immune to rotting.


Message History

The golden flame engulfs the swamp drake.
The swamp drake writhes in agony!
The swamp drake is moderately wounded.
The golden flame engulfs the rime drake.
The rime drake appears unharmed.
The rime drake is lightly wounded.
The golden flame engulfs the ice dragon.
The ice dragon writhes in agony!
The ice dragon is lightly wounded.
You feel somewhat more hungry.
Your daeva hits the steam dragon with an eudemon blade of holy wrath!!
The steam dragon dies!
The steam dragon scales are intact enough to wear.
The ice dragon breathes frost at you.
The blast of cold hits the ice dragon.
The ice dragon resists.
The blast of cold hits you!
You feel a terrible chill!
* * * LOW HITPOINT WARNING * * *
The ice dragon breathes frost at you. The blast of cold hits you!
You feel a terrible chill!
You die...

▓........k....▓...
▓.............▓...
▓.............▓...
▓.............▓).▓
▓§.§..........▓.▓▓
▓D§▓.......▓..▓..▓
▓kkD..........▓...
▓kD§D.........▓▓▓▓
▓@DA§.........▓...
▓▓▓▓▓▓▓▓▓▓▓▓▓▓▓..=
▓... ▓... ▓...
▓... ▓... ▓))▓
▓)▓▓


You could see 3 ice dragons, a rime drake (confused), 2 swamp drakes, 2 mottled
dragons and a friendly daeva.

Vanquished Creatures
  An iron dragon (D)
  3 green draconians (D)
  2 black draconians (D)
  4 mottled draconians (D)
  A yellow draconian (D)
  A white draconian (D)
  An ice dragon (D)
  An anaconda (D)
  A hydra (D)
  2 spriggan air magi (D)
  A vampire mage (D)
  4 spriggan berserkers (D)
  6 iron golems (D)
  A death drake (D)
  A shambling mangrove (D)
  2 necromancers (D)
  3 draconians (D)
  2 toenail golems (D)
  A gargoyle (D)
  2 rime drakes (D)
  4 jumping spiders (D)
  3 hornets (D)
  2 redbacks (D)
  2 tarantellas (D)
  A wyvern (D)
  A mottled dragon (D)
  A phantom (D)
  A black bear (D)
  2 swamp drakes (D)
  2 wolves (D)
  Blork the orc (D)
  8 earth elementals (D)
  5 scorpions (D)
  3 wights (D)
  A crimson imp (D)
  A quasit (D)
  Crazy Yiuf (D)
  Jessica (D)
  An orc wizard (D)
  A shadow imp (D)
  2 white imps (D)
  An adder zombie (D)
  An orc (D)
  2 bat skeletons (D)
  A quokka skeleton (D)
  A quokka zombie (D)
90 creatures vanquished.

Vanquished Creatures (collateral kills)
  A spriggan defender (D)
  2 yellow draconians (D)
  A purple draconian (D)
  A fire dragon (D)
  2 crystal guardians (D)
  A vampire mage (D)
  A death drake (D)
  2 necromancers (D)
  A toenail golem (D)
  4 rime drakes (D)
  A dryad (D)
  An ice devil (D)
  Sigmund (D)
  2 wyverns (D)
  3 steam dragons (D)
  Duvessa (D)
  A swamp drake (D)
  Dowan (D)
  2 earth elementals (D)
  A white imp (D)
  A bat zombie (D)
31 creatures vanquished.

Vanquished Creatures (others)
  A hell hog (D)
  A bat skeleton (D)
2 creatures vanquished.

Grand Total: 123 creatures vanquished

Notes
Turn   | Place    | Note
-------+----------+-------------------------------------------
     0 | D        | kraedy the Gargoyle Fighter began the quest for the Orb.
     0 | D        | Reached XP level 1. HP: 14/14 MP: 1/1
     0 | D        | Found a deep blue altar of Sif Muna.
     0 | D        | Found a bloodstained altar of Trog.
     0 | D        | Found a sacrificial altar of Ru.
     0 | D        | Found a stormy altar of Qazlal.
     0 | D        | Found an iron altar of Okawaru.
     2 | D        | Found a sparkling altar of Nemelex Xobeh.
     2 | D        | Found a blossoming altar of Fedhas.
     4 | D        | Found an ancient bone altar of Kikubaaqudgha.
     4 | D        | Found a viscous altar of Jiyva.
     4 | D        | Found a corrupted altar of Lugonu.
     4 | D        | Found a hazy altar of Hepliaklqana.
     4 | D        | Found a burning altar of Makhleb.
     4 | D        | Found an opulent altar of Gozag.
    58 | D        | Became a worshipper of the Shining One
    91 | D        | Reached skill level 7 in Axes
    91 | D        | Reached XP level 2. HP: 19/19 MP: 2/2
    98 | D        | Entered arena 1.
   106 | D        | Reached XP level 3. HP: 23/23 MP: 3/3
   111 | D        | Entered arena 2.
   111 | D        | Noticed a black bear
   111 | D        | Noticed a wolf
   111 | D        | Reached * piety under the Shining One
   111 | D        | Noticed a wolf
   115 | D        | Killed a black bear
   115 | D        | Reached skill level 10 in Axes
   115 | D        | Reached XP level 4. HP: 28/28 MP: 4/4
   115 | D        | Reached XP level 5. HP: 32/32 MP: 5/5
   118 | D        | Killed a wolf
   118 | D        | Reached skill level 11 in Axes
   121 | D        | Killed a wolf
   121 | D        | Reached skill level 12 in Axes
   121 | D        | Reached XP level 6. HP: 36/37 MP: 6/6
   131 | D        | Entered arena 3.
   131 | D        | Noticed a jumping spider
   131 | D        | Noticed a tarantella
   131 | D        | Reached ** piety under the Shining One
   137 | D        | Reached skill level 1 in Invocations
   143 | D        | Killed a tarantella
   143 | D        | Reached skill level 1 in Dodging
   143 | D        | Reached XP level 7. HP: 26/44 MP: 6/9
   143 | D        | Reached skill level 5 in Fighting
   157 | D        | Killed a jumping spider
   157 | D        | Reached skill level 5 in Armour
   157 | D        | Reached skill level 5 in Invocations
   319 | D        | Entered arena 4.
   319 | D        | Noticed a draconian
   319 | D        | Noticed a draconian
   319 | D        | Noticed a green draconian
   319 | D        | Noticed a draconian
   328 | D        | Killed a draconian
   328 | D        | Reached skill level 13 in Axes
   328 | D        | Reached skill level 5 in Shields
   328 | D        | Reached XP level 8. HP: 53/53 MP: 10/12
   336 | D        | Killed a draconian
   343 | D        | Killed a green draconian
   343 | D        | Reached XP level 9. HP: 60/60 MP: 11/15
   345 | D        | Killed a draconian
   351 | D        | Got the +7 ring mail of Estoga {+Fly rF+ rN+ Int+3}
   353 | D        | Entered arena 5.
   353 | D        | Noticed a hell hog
   353 | D        | Reached *** piety under the Shining One
   353 | D        | Reached **** piety under the Shining One
   361 | D        | Killed a hell hog
   361 | D        | Reached skill level 10 in Fighting
   361 | D        | Reached skill level 14 in Axes
   361 | D        | Reached skill level 5 in Dodging
   361 | D        | Reached XP level 10. HP: 47/68 MP: 13/17
   363 | D        | Reached ***** piety under the Shining One
   375 | D        | Got the ring "Yzxic" {Wiz rC- Str+4 Slay+5}
   452 | D        | Entered arena 6.
   452 | D        | Reached ****** piety under the Shining One
   490 | D        | Entered arena 7.
   490 | D        | Noticed Sigmund
   490 | D        | Noticed Jessica
   490 | D        | Noticed Blork the orc
   490 | D        | Noticed Crazy Yiuf
   490 | D        | Noticed Dowan
   490 | D        | Noticed Duvessa
   495 | D        | Killed Crazy Yiuf
   496 | D        | Killed Duvessa
   497 | D        | Killed Jessica
   497 | D        | Killed Sigmund
   497 | D        | Reached skill level 10 in Invocations
   499 | D        | Killed Blork the orc
   499 | D        | Killed Dowan
   516 | D        | Entered arena 8.
   534 | D        | Entered arena 9.
   580 | D        | Entered arena 10.
   580 | D        | Noticed a toenail golem
   580 | D        | Noticed a toenail golem
   580 | D        | Noticed a toenail golem
   592 | D        | Killed a toenail golem
   599 | D        | Killed a toenail golem
   599 | D        | Reached XP level 11. HP: 76/76 MP: 10/19
   610 | D        | Reached skill level 15 in Axes
   625 | D        | Got the ring of Balance {-Tele Str+3 SInv Stlth+}
   642 | D        | Entered arena 11.
   642 | D        | Noticed a death drake
   642 | D        | Noticed a fire dragon
   649 | D        | Killed a death drake
   659 | D        | Killed a fire dragon
   692 | D        | Got the cursed +3 hand axe "Concordance" {vamp, MR+ Str+5}
   702 | D        | Entered arena 12.
   702 | D        | Noticed a vampire mage
   702 | D        | Noticed a necromancer
   702 | D        | Noticed a necromancer
   702 | D        | Noticed a necromancer
   702 | D        | Noticed a vampire mage
   704 | D        | Noticed a necromancer
   707 | D        | Killed a vampire mage
   707 | D        | Killed a vampire mage
   708 | D        | Killed a necromancer
   709 | D        | Killed a necromancer
   712 | D        | Killed a necromancer
   712 | D        | Reached skill level 10 in Shields
   713 | D        | Killed a necromancer
   740 | D        | Entered arena 13.
   741 | D        | Noticed a spriggan air mage
   741 | D        | Noticed a spriggan berserker
   741 | D        | Noticed a spriggan berserker
   742 | D        | Noticed a spriggan berserker
   742 | D        | Noticed a spriggan berserker
   742 | D        | Noticed a shambling mangrove
   743 | D        | Noticed an anaconda
   743 | D        | Noticed a spriggan defender
   743 | D        | Noticed a spriggan air mage
   744 | D        | Noticed a death yak
   746 | D        | Noticed a death yak
   747 | D        | Reached skill level 10 in Armour
   752 | D        | Killed a spriggan defender
   753 | D        | HP: 3/78 [death yak[a spriggan berserker] (30)]
   760 | D        | Killed a spriggan berserker
   760 | D        | Killed a spriggan air mage
   763 | D        | Killed an anaconda
   763 | D        | Reached skill level 16 in Axes
   763 | D        | Reached XP level 12. HP: 47/84 MP: 6/22
   763 | D        | Killed a spriggan berserker
   763 | D        | Killed a spriggan air mage
   763 | D        | Killed a spriggan berserker
   770 | D        | Killed a spriggan berserker
   991 | D        | Entered arena 14.
   993 | D        | Noticed a mottled draconian
   993 | D        | Noticed a yellow draconian
   993 | D        | Noticed a green draconian
   993 | D        | Noticed a mottled draconian
   993 | D        | Noticed a mottled draconian
   993 | D        | Noticed a green draconian
   994 | D        | Noticed a yellow draconian
   994 | D        | Noticed a yellow draconian
   996 | D        | Noticed a mottled draconian
  1013 | D        | Noticed a purple draconian
  1015 | D        | Noticed a black draconian
  1017 | D        | Killed a yellow draconian
  1021 | D        | Killed a mottled draconian
  1022 | D        | Noticed a black draconian
  1023 | D        | Noticed a white draconian
  1024 | D        | Killed a yellow draconian
  1032 | D        | Killed a black draconian
  1032 | D        | Reached skill level 15 in Fighting
  1033 | D        | Killed a mottled draconian
  1033 | D        | Reached skill level 15 in Invocations
  1037 | D        | Killed a black draconian
  1037 | D        | Reached skill level 17 in Axes
  1037 | D        | Killed a white draconian
  1051 | D        | Killed a mottled draconian
  1051 | D        | Reached XP level 13. HP: 44/93 MP: 7/24
  1055 | D        | Killed a yellow draconian
  1064 | D        | Killed a mottled draconian
  1069 | D        | Killed a green draconian
  1075 | D        | Killed a purple draconian
  1083 | D        | Killed a green draconian
  1107 | D        | Got the +2 cloak "Qitho" {rC- Int+2 Slay+3}
  1314 | D        | Entered arena 15.
  1315 | D        | Noticed a crystal guardian
  1315 | D        | Noticed a crystal guardian
  1323 | D        | Killed a crystal guardian
  1327 | D        | Killed a crystal guardian
  1335 | D        | Noticed an iron dragon
  1355 | D        | Killed an iron dragon
  1361 | D        | Reached skill level 18 in Axes
  1361 | D        | Reached skill level 10 in Dodging
  1609 | D        | Got the +9 whip of Weafeping {speed, *Drain rC- rN++ Str+9}
  1633 | D        | Entered arena 16.
  1637 | D        | Noticed an ice dragon
  1638 | D        | Noticed an ice dragon
  1638 | D        | Noticed an ice dragon
  1638 | D        | Noticed an ice dragon
  1651 | D        | HP: 4/95 [ice dragon/blast of cold (42)]
  1653 | D        | Killed an ice dragon
  1656 | D        | Killed from afar by an ice dragon

Skill      XL: |  1  2  3  4  5  6  7  8  9 10 11 12 13 |
---------------+----------------------------------------+-----
Axes           | 7 10 12 13 14 16 17 18 | 18.2
Invocations    | 3 6 8 9 11 13 15 17 | 17.2
Fighting       | 4 7 9 10 12 13 15 16 | 16.8
Armour         | 4 5 7 8 10 11 13 | 13.1
Dodging        | 1 3 4 5 6 7 9 10 | 10.2
Shields        | 4 5 7 9 10 11 13 | 13.1

Action                   |  1- 3 |  4- 6 |  7- 9 | 10-12 | 13-15 || total
-------------------------+-------+-------+-------+-------+-------++-------
Melee: Broad axe         |    10 |    14 |    28 |   121 |    83 ||   256
Invok: Summon Divine War |       |       |       |     8 |     2 ||    10
       Cleansing Flame   |       |       |       |    12 |     9 ||    21
  Use: Potion            |     1 |     1 |     2 |    11 |     4 ||    19
       Scroll            |       |       |       |     1 |       ||     1
  Eat: Chunk             |       |       |       |     4 |     2 ||     6
       Fruit             |       |       |       |       |     2 ||     2
Armor: Plate armour      |    10 |    12 |     8 |    56 |    37 ||   123
Dodge: Dodged            |       |       |     1 |     8 |     8 ||    17
Block: Shield            |    11 |    37 |    43 |   174 |    78 ||   343
